 Dungeon Crawl Stone Soup version 0.30-a0-627-gc11e7ae810 (webtiles) character file.

Game seed: 2452869243649799854

35 Rrauwl the Chopper (level 3, -2/33 HPs)
             Began as a Hill Orc Berserker on Jan 12, 2023.
             Was a Follower of Trog.
             Slain by Sigmund
             ... wielding a +0 scythe
              (5 damage)
             ... on level 2 of the Dungeon.
             The game lasted 00:02:50 (1035 turns).

Rrauwl the Chopper (Hill Orc Berserker)             Turns: 1035, Time: 00:02:50

Health: -2/33      AC:  8    Str: 21    XL:     3   Next: 33%
Magic:  3/3        EV:  8    Int:  7    God:    Trog [*.....]
Gold:   55         SH:  0    Dex: 10    Spells: 2/2 levels left

rFire   . . .      SeeInvis .    a - +0 hand axe
rCold   . . .      Faith    .    (no shield)
rNeg    . . .      Spirit   .    g - +0 chain mail
rPois   .          Reflect  .    (no helmet)
rElec   .          Harm     .    (no cloak)
rCorr   .          Rampage  .    (no gloves)
Will    .....                    (no boots) Stlth
                                 (no amulet)
HPRegen 0.25/turn                (no ring)
MPRegen 0.08/turn                (no ring)

@: no status effects
A: no striking features
a: Renounce Religion, Berserk


You were on level 2 of the Dungeon.
You worshipped Trog.
Trog was aware of your devotion.
You visited 1 branch of the dungeon, and saw 2 of its levels.

You collected 55 gold pieces.

Inventory:

Hand Weapons
 a - a +0 hand axe (weapon)
Missiles
 e - a poisoned dart (quivered)
Armour
 g - a +0 chain mail (worn)
Potions
 d - a potion of heal wounds


   Skills:
 - Level 4.0 Fighting
 + Level 5.0 Axes
 + Level 2.3 Armour
 + Level 1.9 Dodging


You had 2 spell levels left.
You didn't know any spells.
Your spell library was empty.

Dungeon Overview and Level Annotations

Branches:
Dungeon (2/15)

Altars:

Annotations:
D:2 Sigmund


Message History

You feel clever all of a sudden.
Sigmund mumbles some strange words.
Sigmund flickers and vanishes!
Deactivating autopickup; reactivate with Ctrl-A.
You see here a scroll labelled YKHLALE BEZUU.
As you read the scroll labelled YKHLALE BEZUU, it crumbles to dust.
You feel aware of your surroundings.
It was a scroll of magic mapping.
Throw: 2 darts (poison)
Press: ? - help, Q - select action Shift-Dir - straight line, f - Sigmund
Aim: Sigmund, wielding a +0 scythe and wearing a +0 robe (53% to hit)
You throw a poisoned dart. The poisoned dart hits Sigmund.
Sigmund mumbles some strange words.
Sigmund flickers and vanishes!
You barely miss something.
You feel a little less clever now. Something hits you but does no damage.
You miss something.
You hear some strange, mumbled words.
Something tries to affect you, but you resist.
You barely miss something. Something hits you!
You completely miss something. You barely miss something.
You hear some strange, mumbled words.
A puff of flame appears from out of thin air!
The puff of flame hits you!
You hit something but do no damage. Something hits you.
You barely miss something. Something hits you.
* * * LOW HITPOINT WARNING * * *
You miss something. Something hits you but does no damage.
You hit something. You closely miss something. Something hits you.
* * * LOW HITPOINT WARNING * * *
You hit something. Something hits you but does no damage.
You miss something. You hit something but do no damage. Something hits you.
* * * LOW HITPOINT WARNING * * *
You hit something but do no damage. Something completely misses you.
You miss something. You barely miss something. Something hits you.
You die...

#####.####.###.........##.#
* * #.# ##...##.#.###.#*,*
* * #.# #>.......# #.#*,* *
* #.# ######.### #.#*,* *
#####.# #.# #.#*,* *
......###### #.# #.#*,* *
####..)....# #.# #.#*,# *
#######.# #.# #.##.####***
#.# #@#####........,,* #.#
#.{...(........,,, #.#
##########.####*,* #.# *.#
*,* #.# *******,# *,, #.#
*,,,,,,,* ***,* #.#
*,******* *,,,* #.# *,*
*,*,* #.# *,* *,,,*


There were no monsters in sight!

Vanquished Creatures
  A dart slug (D:1)
  3 ball pythons (D:1)
  4 bats (D:1)
  An endoplasm (D:1)
  5 goblins (D:1)
  4 hobgoblins
  3 jackals (D:1)
  2 quokkas
  2 frilled lizards (D:1)
  4 kobolds
  A rat (D:1)
30 creatures vanquished.

Notes
Turn   | Place    | Note
-------+----------+-------------------------------------------
     0 | D:1      | Rrauwl the Hill Orc Berserker began the quest for the Orb.
     0 | D:1      | Reached XP level 1. HP: 19/19 MP: 1/1
   246 | D:1      | Reached XP level 2. HP: 19/27 MP: 2/2
   448 | D:1      | Found a faded altar of an unknown god.
   616 | D:1      | Reached XP level 3. HP: 33/33 MP: 3/3
   714 | D:1      | Reached skill level 5 in Axes
   974 | D:2      | Noticed Sigmund
  1035 | D:2      | Slain by Sigmund

Illustrated notes

Levels and vault maps discovered:
D:1:      wheals_arrival_shading, layout_basic,
          shapermc_ecumenical_altar_notcrosses
D:2:      layout_loops_ring, uniq_sigmund

Skill      XL: |  1  2  3 |
---------------+----------+-----
Fighting       | 4 |  4.0
Axes           | 5 |  5.0
Armour         | |  2.3
Dodging        | |  1.9

Action                   || total
-------------------------++-------
Melee: Hand axe          ||    88
Throw: Dart              ||     1
  Use: Scroll            ||     4
       Potion            ||     1
Armor: Animal skin       ||     8
       Chain mail        ||    17
Dodge: Dodged            ||    35

Table legend: (Time is in decaauts)
 A = Elapsed time spent in this place.
 B = Non-inter-level travel time spent in this place.
 C = Inter-level travel time spent in this place.
 D = Time resting spent in this place.
 E = Time spent auto-exploring this place.
 F = Levels seen in this place.
 G = Mean time per level.
                   A        B        C        D        E       F      G
               +--------+--------+--------+--------+--------+-----+--------+
         Total |   1041 |    975 |     66 |      5 |    734 |   2 |  520.5 |
       Dungeon |   1041 |    975 |     66 |      5 |    734 |   2 |  520.5 |
               +--------+--------+--------+--------+--------+-----+--------+

Top non-repeatable levels by time:
     D:1: 847 daAuts
     D:2: 194 daAuts
